 Dungeon Crawl Stone Soup version bcrawl-1.41.1 (webtiles) character file.

Game seed: 3644090139909096734

15005656 quik the Conqueror (level 27, 245/245 HPs)
             Began as a Minotaur Berserker on Apr 6, 2024.
             Was a High Priest of Trog.
             Escaped with the Orb
             ... and 4 runes on Apr 13, 2024!
             The game lasted 10:38:50 (75349 turns).

quik the Conqueror (Minotaur Berserker)            Turns: 75349, Time: 10:38:50

Health: 245/245    AC: 48    Str: 38    XL:     27
Magic:  18/18      EV: 20    Int: 14    God:    Trog [*****.]
Gold:   4257       SH: 26    Dex: 16    Spells: 26/26 levels left

rFire    + + .     GDR:     45% b - +8 broad axe (antimagic)
rCold    + . .     SeeInvis +   F - +6 medium shield "Neiruy" {Regen+ Int+5 Dex+3}
rNeg     + . .     Gourm    .   Z - +4 gold dragon scales
rPois    +         Faith    .   W - +2 hat {Int+3} {Int+3}
rElec    +         Spirit   .   r - +0 cloak {MR+} {MR+}
rCorr    .         Reflect  +   v - +1 pair of gloves
MR       ++++.                  J - +1 pair of boots
Stlth    ..........             P - amulet "Gaushyff" {Reflect rF+ Int+4 Dex+2 Slay+3 SH+2}
HPRegen  0.90/turn              p - ring of Haufiyr {rPois rN+ MR+ SInv}
MPRegen  0.16/turn              w - ring of Trog's Regard {rElec AC+5 Str+4}

@: studying Short Blades
A: retaliatory headbutt, horns 2, icy blue scales 1, dopey 1, frail 1, wild
magic 1
0: Orb of Zot
}: 4/15 runes: decaying, serpentine, slimy, silver
a: Berserk, Trog's Hand, Brothers in Arms, Renounce Religion


You escaped.
You worshipped Trog.
Trog was extremely pleased with you.
You were very full.

You visited 12 branches of the dungeon, and saw 49 of its levels.
You also visited: Wizlab.

You collected 10989 gold pieces.
You spent 6732 gold pieces at shops.


Innate Abilities, Weirdness & Mutations

You reflexively headbutt those who attack you in melee.
You have a pair of horns on your head.
You are partially covered in icy blue scales. (AC +2)
You are dopey. (Int -2)
You are frail. (-10% HP)
Your spells are a little harder to cast, but a little more powerful.


   Skills:
 O Level 27 Fighting
 - Level 18.0 Axes
 - Level 16.0 Throwing
 O Level 27 Armour
 - Level 22.0 Dodging
 - Level 20.0 Shields
 + Level 20.7 Evocations


You had 26 spell levels left.
You didn't know any spells.
Your spell library contained the following spells:

 Spells                   Type           Power        Failure   Level  Hunger
 Freeze                   Ice            #.....       98%         1    None
 Corpse Rot               Necr           N/A          99%         2    ####...
 Sublimation of Blood     Necr           #.........   99%         2    ####...
 Ozocubu's Armour         Chrm/Ice       #.......     100%        3    #####..
 Vampiric Draining        Necr           #.........   100%        3    #####..
 Petrify                  Tmut/Erth      #.........   100%        4    ######.
 Tree Form                Hex/Tmut       N/A          100%        4    ######.
 Bolt of Magma            Conj/Fire/Erth #.........   100%        5    #######
 Freezing Cloud           Ice/Air        #.......     100%        5    #######
 Metabolic Englaciation   Hex/Ice        #.........   100%        5    #######
 Borgnjor's Vile Clutch   Necr/Erth      #.........   100%        6    #######
 Ozocubu's Refrigeration  Ice            #.........   100%        6    #######
 Simulacrum               Ice/Necr       #.......     100%        6    #######
 Lehudib's Crystal Spear  Conj/Erth      #.........   100%        8    #######
 Necromutation            Tmut/Necr      #.......     100%        8    #######

Inventory:

Hand Weapons
 a - a +7 broad axe of electrocution
 b - a +8 antimagic broad axe (weapon)
Missiles
 c - 4 throwing nets {=f!f}
 i - 207 javelins of penetration {=f}
 j - 290 javelins (quivered)
 N - 120 steel javelins
Armour
 r - a +0 cloak of magic resistance (worn) {MR+}
 v - a +1 pair of gloves (worn)
 F - the +6 medium shield "Neiruy" (worn) {Regen+ Int+5 Dex+3}
   (You bought it in a shop in the Orcish Mines)

   It affects your intelligence (+5).
   It affects your dexterity (+3).
   It increases your rate of regeneration.
 J - a +1 pair of boots (worn)
 W - a +2 hat of intelligence (worn) {Int+3}
 Z - +4 gold dragon scales (worn)
Jewellery
 p - the ring of Haufiyr (left hand) {rPois rN+ MR+ SInv}
   (You took it off a spriggan berserker on level 2 of the Depths)

   [ring of see invisible]

   It protects you from poison.
   It protects you from negative energy.
   It affects your resistance to hostile enchantments.
   It lets you see invisible.
 w - the ring of Trog's Regard (right hand) {rElec AC+5 Str+4}
   (You found it in a wizard's laboratory)

   [ring of protection]

   It affects your AC (+5).
   It affects your strength (+4).
   It insulates you from electricity.
 C - an uncursed ring of resist corrosion
 P - the amulet "Gaushyff" (around neck) {Reflect rF+ Int+4 Dex+2 Slay+3 SH+2}
   (You bought it in a shop on level 2 of the Snake Pit)

   [amulet of reflection]

   It shields you and reflects attacks.
   It affects your intelligence (+4).
   It affects your dexterity (+2).
   It affects your accuracy and damage with ranged weapons and melee attacks
   (+3).
   It protects you from fire.
   It affects your SH (+2).
Wands
 m - a wand of iceblast (55)
 u - a wand of acid (21)
 y - a wand of charming (24)
 D - a wand of digging (7)
 E - a wand of scattershot (7)
 K - a wand of clouds (18)
 Q - a wand of paralysis (7)
Scrolls
 g - 7 scrolls of fear {!r}
 t - 19 scrolls of teleportation
 z - 3 scrolls of fog
 B - 3 scrolls of blinking {!r}
 I - 7 scrolls of vulnerability {!r!r}
 M - 6 scrolls of immolation {!r}
 T - 3 scrolls of noise {!r}
 X - 5 scrolls of silence {!r}
Potions
 d - 5 potions of might {!q}
 f - 5 potions of cancellation {!q}
 h - 2 potions of haste {!q}
 k - 12 potions of mutation {!q!q}
 l - 14 potions of heal wounds {!q@q1}
 n - a potion of resistance {!q}
 q - 7 potions of curing {@q2}
 s - 6 potions of flight {!q}
 A - 3 potions of agility {!q}
 G - a potion of invisibility {!q}
 H - 5 potions of ambrosia {!q}
Miscellaneous
 x - a sack of spiders (inert)
 L - a phial of floods
 O - 3 boxes of beasts
 R - 4 phantom mirrors
 S - a lightning rod (4/4)
 V - a lamp of fire (inert)
 Y - a fan of gales (2/2)
Comestibles
 e - 37 rations {!d}

Dungeon Overview and Level Annotations

Branches:
Dungeon (12/12)            Temple (1/1) D:6            Lair (6/6) D:7
  Swamp (3/3) Lair:4        Snake (3/3) Lair:3        Slime (5/5) Orc
    Orc (1/1) D:10         Vaults (3/3) D:12         Forest (3/3) Lair:6
  Crypt (2/2) Vaults:1       Tomb (0/3) Crypt:2      Depths (5/5) D:12
    Zot (5/5) Depths:5

Altars:
Dithmenos
Elyvilon
Fedhas
Kikubaaqudgha
Lugonu
Nemelex Xobeh
Okawaru
Qazlal
Sif Muna
Uskayaw
Vehumet
Yredelemnul
Zin
Jiyva

Shops:
D:9 :   D:11 =%   Orc :[%?   Snake:2 }=}   Snake:3 %   Vaults:2 }

Portals:
Hell: Depths:1 Depths:2 Depths:3 Depths:4 Depths:5
Abyss: Lair:6 Depths:2 Depths:3 Depths:4
Pandemonium: Orc Depths:3
Ziggurat: Depths:5
Trove: D:9 (give 4 potions of resistance)

#..#..P.P...#..#
#..#.....P..#..#
#..#..P.P.P.#..#
#..#.P.P.P..#..#
#'##8.......##'#
##..##########..##
#....#......#....#
#....#......'....#
##..##########@.##
#### ####


There were no monsters in sight!


Message History

(F) Spriggan Forest (C) Crypt (W) Tomb (U) Depths (H) Hell (Z) Zot
Where to? (Enter - D:1 @ (x,y), ? - help)
A hellion comes into view.
A smoke demon comes into view.
You block the hellion's attack.
The smoke demon roars!
There is a stone staircase leading up here.
You slash the hellion!
The hellion's magic leaks into the air.
The hellion falters for a moment.
You carve the hellion like a ham!!!
You kill the hellion!
The smoke demon gestures at you. Something smites you!
You take 10 damage, and have 235/245 hp.
The smoke demon gestures at you.
The sticky flame reflects off an invisible shield around you!
The sticky flame hits the smoke demon.
The smoke demon resists.
You climb upwards.
There is a stone staircase leading down here.
You regained 2 hp, and now have 237/245 hp.
Please select a direction to dig.
This square is covered in magical glow.
The rock shatters into small pieces.
Health restored: 245 You see here a +0 club.
There is an open door here.
There is a staircase leading out of the dungeon here.
The power of the Orb breaks the dimensional shunt like a soap bubble!
You have escaped!

Skill      XL: |  1  2  3  4  5  6  7  8  9 10 11 12 13 14 15 16 17 18 19 20 21 22 23 24 25 26 27 |
---------------+----------------------------------------------------------------------------------+-----
Axes           | 4 5 6 7 9 10 12 13 15 16 18 | 18.0
Fighting       | 4 5 6 7 8 9 10 11 12 13 16 17 19 20 21 22 23 25 26 27 | 27.0
Armour         | 3 4 5 6 7 8 10 11 12 14 16 17 19 20 21 22 23 24 25 26 27 | 27.0
Dodging        | 3 4 5 7 8 9 10 12 13 15 18 20 21 22 | 22.0
Shields        | 1 2 3 5 6 7 9 10 11 13 15 16 18 20 | 20.0
Evocations     | 3 6 7 9 10 20 | 20.7
Throwing       | 4 8 11 12 14 16 | 16.0

Action                   |  1- 3 |  4- 6 |  7- 9 | 10-12 | 13-15 | 16-18 | 19-21 | 22-24 | 25-27 || total
-------------------------+-------+-------+-------+-------+-------+-------+-------+-------+-------++-------
Melee: Hand axe          |    81 |   130 |   179 |       |       |       |       |       |       ||   390
       Headbutt          |    13 |    25 |    43 |    96 |   191 |   186 |   256 |   298 |   309 ||  1417
       War axe           |       |       |    23 |   526 |       |       |       |       |       ||   549
       Broad axe         |       |       |       |    45 |   939 |  1113 |  1158 |  1360 |  1222 ||  5837
       Mace              |       |       |       |     4 |    30 |       |       |       |       ||    34
Throw: Stone             |    34 |    86 |    51 |   124 |   142 |       |       |       |       ||   437
       Javelin           |       |    10 |    20 |     4 |    23 |    16 |    49 |    55 |   219 ||   396
       Tomahawk          |       |       |    12 |    37 |    38 |    34 |    61 |    61 |   143 ||   386
       Throwing net      |       |       |       |       |       |       |       |       |     1 ||     1
Invok: Berserk           |     1 |     9 |    13 |    20 |    28 |    14 |    20 |     3 |     8 ||   116
       Trog's Hand       |       |     4 |     1 |     2 |     3 |     5 |    11 |     1 |    12 ||    39
       Brothers in Arms  |       |       |       |     2 |       |     7 |     2 |     3 |     4 ||    18
Evoke: Wand              |       |       |       |       |    31 |     9 |     3 |     3 |    25 ||    71
       Lamp of fire      |       |       |       |       |       |     1 |     1 |     1 |     2 ||     5
       Phial of floods   |       |       |       |       |       |       |     1 |       |       ||     1
       Phantom mirror    |       |       |       |       |       |       |       |       |     4 ||     4
       Sack of spiders   |       |       |       |       |       |       |       |       |     1 ||     1
  Use: Scroll            |     4 |     5 |     7 |     8 |    13 |     2 |     2 |     7 |    27 ||    75
       Potion            |       |       |     2 |       |     2 |     3 |       |     5 |    15 ||    27
 Stab: Invisible         |       |       |       |       |     5 |     3 |       |       |       ||     8
       Distracted        |       |       |       |       |       |     3 |     1 |     2 |       ||     6
       Held in net/web   |       |       |       |       |       |       |       |       |     3 ||     3
  Eat: Chunk             |     4 |    20 |    28 |    62 |    78 |    41 |    45 |    41 |    26 ||   345
       Ration            |       |     1 |     1 |     1 |     4 |     8 |    10 |    12 |    15 ||    52
Armor: Animal skin       |     9 |       |       |       |       |       |       |       |       ||     9
       Chain mail        |     1 |    54 |    61 |       |       |       |       |       |       ||   116
       Plate armour      |       |       |    15 |   159 |   219 |   226 |   234 |    31 |       ||   884
       Gold dragon scale |       |       |       |       |       |       |       |   277 |   365 ||   642
Dodge: Dodged            |    48 |    42 |    36 |   107 |   193 |   213 |   215 |   256 |   325 ||  1435
Block: Medium shield     |       |       |    97 |   265 |   507 |   843 |   817 |   977 |   893 ||  4399
       Reflection        |       |       |       |       |       |       |    51 |    71 |    42 ||   164

Levels and vault maps discovered:
D:1:      sevenhm_arrival_forest_fort_large_4, layout_rooms
D:2:      layout_basic, uniq_crazy_yiuf_cottage, uniq_terence
D:3:      layout_basic, gammafunk_ghost_smash
D:4:      layout_basic, uniq_robin, uniq_edmund
D:5:      wander_river, layout_basic, nicolae_uskayaw_en_pointe, first_ration,
          kennysheep_generic_room_13, uniq_prince_ribbit1
D:6:      minmay_angry_zag, layout_basic, gammafunk_temple_overflow_claw,
          temple_statues
D:7:      layout_basic, due_lair_maze_entry_diamond, gammafunk_ghost_arena,
          minmay_misc_feat_iff, the_bakery, fedhas_altar_3, uniq_pikel
D:8:      layout_rooms, grunt_temple_overflow_open
D:9:      layout_basic, nicolae_trove_entry_crystal, serial_shops,
          nicolae_shop_stone, dk_yredelemnul_ordeal
D:10:     layout_basic, david_orc_5, minmay_misc_feat_encased
D:11:     layout_irregular_city, serial_shops, shop, shop, serial_column_ruins,
          column_ruins_open_large, column_ruins_grid_3,
          column_ruins_corridor_straight, column_ruins_columns_straight,
          kennysheep_nub
D:12:     hangedman_depths_entry_civil_slaughter, layout_basic,
          grunt_vaults_entry_fortified, chequers_serial_rivers_large_a,
          grunt_dithmenos_smoke_and_mirrors
Temple:   minmay_crystal_spiral_temple
Lair:1:   layout_chaotic_city, lemuel_centaur_altar,
          infiniplex_staircase_pool_2, uniq_urug, uniq_fannar
Lair:2:   layout_regular_city, zaba_anthell, serial_bayou_shore_b,
          minmay_lair_oklob_chamber, uniq_sonja
Lair:3:   layout_regular_city, guppyfry_snake_entry_island
Lair:4:   layout_roguey, palyth_hydra_swamp_entry, chequers_serial_rivers_marsh,
          uniq_josephine, uniq_nessos
Lair:5:   layout_roguey, grunt_megastairs_5
Lair:6:   hellmonk_lair_end_abyssal_woods, layout_small_grid,
          dummy_forest_entry, uniq_grum
Swamp:1:  layout_basic_swamp, evilmike_swamp_ruin_house_1
Swamp:2:  layout_basic_swamp, hangedman_swamp_cone
Swamp:3:  swamp_pestilence, layout_basic_swamp, infiniplex_staircase_pool
Snake:1:  layout_layer_cave, statue_in_the_mist_lemuel
Snake:2:  layout_rooms, basic_altar, serial_bayou_shore_a, minmay_shop_grove
Snake:3:  grunt_snake_rune_serpentine_throne, layout_grid_maze, serial_shops,
          nicolae_shop_trees
Slime:1:  layout_slime_grid
Slime:2:  layout_slime_grid, cheibrodos_slime_lost_civilization_4
Slime:3:  layout_slime_grid
Slime:4:  layout_slime_grid
Slime:5:  slime_pit
Orc:      pf_orc_diabolical, layout_caves, slime_altar_1, mines1_david,
          uniq_erolcha
Vaults:1: minmay_crypt_entry_necro_gods, v_pattern_3, vaults_room_pools,
          nicolae_vaults_windows_and_doors_thing, hangedman_vaults_pinch,
          nicolae_vaults_meeting, vaults_room_grunt_arrival_ludios,
          vaults_dpeg_encased_lava, grunt_vaults_diagonal,
          nicolae_vaults_specimen_jars, hangedman_vaults_trim,
          dpeg_vaults_monster_row, layout_vaults_big_room
Vaults:2: nicolae_vaults_network_quincunx
          [nicolae_vaults_network_quincunx_subvault,
          nicolae_vaults_network_quincunx_subvault,
          nicolae_vaults_network_quincunx_subvault,
          nicolae_vaults_network_quincunx_subvault,
          nicolae_vaults_network_quincunx_subvault],
          nicolae_vaults_yaktaur_gun_rack, ontoclasm_vaults_chip, st_lines,
          nicolae_vaults_network_quinsquares
          [nicolae_vaults_network_quincunx_subvault,
          nicolae_vaults_network_quincunx_subvault,
          nicolae_vaults_network_quincunx_subvault,
          nicolae_vaults_network_quincunx_subvault], v_misc_13,
          nicolae_vaults_big_ls, nicolae_vaults_border_crossing,
          v_alt_pattern_1, vaults_room_stairs_pillars, v_misc_24,
          vaults_dpeg_cross, grunt_vaults_hallway_short, ontoclasm_vaults_pinch,
          layout_vaults_maze_snakey, serial_shops, nicolae_shop_waterfront
Vaults:3: serial_shops
Forest:1: layout_twisted_forest, kb_forest_witch_hut
Forest:2: layout_twisted_forest
Forest:3: gammafunk_forest_water_palace [gammafunk_forest_pool,
          gammafunk_forest_pool, gammafunk_forest_pool, gammafunk_forest_pool],
          layout_twisted_forest, basic_altar, grunt_forest_small_clearing_pond
Crypt:1:  layout_misc_corridors, grunt_megastairs_1, uniq_frederick
Crypt:2:  church_of_pain_bobbens, layout_chaotic_city, grunt_megastairs_3
Depths:1: layout_basic, hangedman_tar_grid_catacomb,
          hangedman_abyss_or_decor_stagger, hangedman_abyss_or_decor_passed,
          minivault_16, nrook_mini_vaults, nrook_kobold_shadow_demons,
          infiniplex_staircase_pool_lava
Depths:2: minmay_nested_s, layout_gridville, abyss_entry,
          pf_vacation_house_of_asmodeus
Depths:3: due_jory_tower, layout_cave_shapes, rand_demon_pan_entry_7,
          hell_entry, abyss_entry, serial_bayou_shore_b,
          infiniplex_staircase_diamond, uniq_boris
Depths:4: kennysheep_treasure_stockpile, layout_gridlike,
          infiniplex_enter_wizlab_water, lightli_too_deep,
          abyss_entry_small_statue_room, minmay_staircase_windowed_small,
          uniq_jory
Depths:5: evilmike_zot_entry_basic, layout_gridville, enter_ziggurat_d,
          hell_entry, serial_sigils, serial_sigils_hangedman_etch,
          serial_sigils_hangedman_quiver, serial_sigils_hangedman_clutch,
          serial_sigils_hangedman_stare, serial_sigils_hangedman_gnaw,
          hangedman_decor_clover_reticule
Zot:1:    lemuel_acid_trip, layout_onion_interference,
          regret_index_zotdec_stipple_waver,
          regret_index_zotdec_gossamer_parallel, grunt_ministairs_12,
          skrybe_zot_glass_3
Zot:2:    regret_index_malice_mire, layout_gridlike
Zot:3:    layout_misc_corridors, hangedman_zot_wheel_spokes,
          hangedman_zot_diagonal_lockstep, regret_index_zotdec_silver_v_v_loose
Zot:4:    layout_misc_corridors
Zot:5:    layout_basic

Notes
Turn   | Place    | Note
-------+----------+-------------------------------------------
     0 | D:1      | quik the Minotaur Berserker began the quest for the Orb.
     0 | D:1      | Reached XP level 1. HP: 19/19 MP: 0/0
   125 | D:1      | Reached XP level 2. HP: 27/27 MP: 1/1
   181 | D:1      | Identified a scroll of identify
   183 | D:1      | Identified a scroll of remove curse
   196 | D:1      | Identified a ring of wizardry (You found it on level 1 of
                  | the Dungeon)
   197 | D:1      | Identified a ring of intelligence (You found it on level 1
                  | of the Dungeon)
   227 | D:1      | Reached skill level 4 in Axes
   440 | D:1      | Identified a scroll of teleportation
   542 | D:1      | Identified a potion of cancellation
   553 | D:1      | Reached ** piety under Trog
   554 | D:1      | Reached skill level 4 in Fighting
   554 | D:1      | Reached XP level 3. HP: 33/33 MP: 2/2
   682 | D:1      | Identified an amulet of magic regeneration (You found it on
                  | level 1 of the Dungeon)
   916 | D:1      | Reached skill level 3 in Armour
  1279 | D:2      | Identified a potion of might
  1308 | D:2      | Identified an uncursed amulet of faith
  1353 | D:2      | Noticed Terence
  1369 | D:2      | Killed Terence
  1370 | D:2      | Reached skill level 3 in Dodging
  1370 | D:2      | Reached XP level 4. HP: 40/40 MP: 3/3
  1734 | D:2      | Identified a potion of brilliance
  1774 | D:2      | Identified a scroll of blinking
  2081 | D:2      | Reached skill level 5 in Axes
  2135 | D:2      | Found a runed door.
  2142 | D:2      | Noticed Crazy Yiuf
  2147 | D:2      | Killed Crazy Yiuf
  2148 | D:2      | Reached XP level 5. HP: 47/47 MP: 4/4
  2389 | D:3      | Reached *** piety under Trog
  2443 | D:3      | Identified a ring of dexterity (You found it on level 3 of
                  | the Dungeon)
  2446 | D:3      | Identified a scroll of fog
  2510 | D:3      | Identified 2 potions of mutation
  2594 | D:3      | Identified 2 potions of heal wounds
  2880 | D:3      | Found a transporter.
  2881 | D:3      | Noticed an ogre
  2881 | D:3      | Noticed rychschax's ghost (amateur AvAE)
  2882 | D:3      | Identified the cursed +0 dire flail "Xupneabb" {crush, MR+}
  2882 | D:3      | Noticed an ogre
  2883 | D:3      | Found a transporter.
  3156 | D:4      | Noticed an ogre
  3167 | D:4      | Killed an ogre
  3168 | D:4      | Reached skill level 4 in Armour
  3168 | D:4      | Reached skill level 1 in Shields
  3168 | D:4      | Reached XP level 6. HP: 55/55 MP: 5/5
  3232 | D:4      | Reached skill level 6 in Axes
  3430 | D:4      | Reached **** piety under Trog
  3431 | D:4      | Reached skill level 5 in Fighting
  3568 | D:4      | Noticed Robin
  3590 | D:4      | Killed Robin
  3656 | D:4      | Noticed Edmund
  3677 | D:4      | Killed Edmund
  3678 | D:4      | Reached skill level 4 in Dodging
  3678 | D:4      | Reached skill level 2 in Shields
  3678 | D:4      | Reached XP level 7. HP: 61/61 MP: 6/6
  3910 | D:4      | Identified a potion of degeneration
  4357 | D:4      | Identified 2 potions of haste
  4358 | D:4      | Identified a scroll of noise
  4458 | D:5      | Entered Level 5 of the Dungeon
  4676 | D:5      | Reached skill level 7 in Axes
  4790 | D:5      | Noticed Prince Ribbit
  4818 | D:5      | Reached skill level 3 in Shields
  4824 | D:6      | Found a staircase to the Ecumenical Temple.
  4829 | D:6      | Reached skill level 5 in Armour
  4866 | Temple   | Entered the Ecumenical Temple
  4960 | D:6      | Reached skill level 6 in Fighting
  4960 | D:6      | Reached XP level 8. HP: 63/70 MP: 7/7
  5202 | D:6      | Reached skill level 8 in Axes
  5202 | D:6      | Reached skill level 5 in Dodging
  5348 | D:6      | Noticed a hippogriff
  5359 | D:6      | Killed a hippogriff
  5360 | D:6      | Reached skill level 4 in Shields
  5437 | D:6      | Identified a potion of flight
  5613 | D:6      | Found a shimmering blue altar of Sif Muna.
  5613 | D:6      | Found a shadowy altar of Dithmenos.
  5614 | D:6      | Found an iron altar of Okawaru.
  5738 | D:6      | Reached skill level 6 in Armour
  5903 | D:7      | Noticed Pikel
  5913 | D:7      | Killed Pikel
  5914 | D:7      | Reached skill level 7 in Fighting
  5914 | D:7      | Reached skill level 9 in Axes
  5914 | D:7      | Reached skill level 5 in Shields
  5914 | D:7      | Reached XP level 9. HP: 79/79 MP: 8/8
  6026 | D:7      | Found a staircase to the Lair.
  6052 | D:7      | Reached skill level 6 in Dodging
  6172 | D:7      | Reached skill level 10 in Axes
  6185 | D:7      | Reached skill level 7 in Armour
  6428 | D:7      | Identified a potion of invisibility
  6479 | D:7      | Found a blossoming altar of Fedhas.
  6544 | D:7      | Reached skill level 6 in Shields
  6619 | D:7      | Reached ***** piety under Trog
  6681 | D:7      | Received a gift from Trog
  7123 | D:7      | Found a transporter.
  7123 | D:7      | Noticed TTrolljaeger's ghost (novice VSRg)
  7130 | D:7      | Found a transporter.
  7181 | D:7      | Reached skill level 8 in Fighting
  7421 | D:7      | Killed TTrolljaeger's ghost
  7422 | D:7      | Reached skill level 7 in Dodging
  7422 | D:7      | Reached XP level 10. HP: 88/88 MP: 4/9
  7762 | Lair:1   | Entered Level 1 of the Lair of Beasts
  7786 | Lair:1   | Identified 2 potions of magic
  7877 | Lair:1   | Reached skill level 11 in Axes
  7974 | Lair:1   | Reached skill level 8 in Armour
  8041 | Lair:1   | Reached skill level 7 in Shields
  8197 | Lair:1   | Identified the cursed ring of Kugiczy {Ice MR+}
  8197 | Lair:1   | Noticed Fannar
  8351 | D:8      | Reached skill level 9 in Fighting
  8358 | D:8      | Reached skill level 12 in Axes
  8810 | D:8      | Reached skill level 8 in Dodging
  8856 | D:8      | Reached XP level 11. HP: 97/97 MP: 5/10
  8990 | D:8      | Identified a potion of ambrosia
  9137 | D:8      | Noticed a centaur warrior
  9151 | D:8      | Killed a centaur warrior
  9234 | D:8      | Found a white marble altar of Elyvilon.
  9236 | D:8      | Found a sparkling altar of Nemelex Xobeh.
  9380 | D:9      | Reached skill level 9 in Armour
  9380 | D:9      | Reached skill level 8 in Shields
  9574 | D:9      | Got a smoking dagger
  9636 | D:9      | Identified a potion of curing
  9666 | D:9      | Received a gift from Trog
  9667 | D:9      | Got a slimy battleaxe {god gift}
  9724 | D:9      | Found Atumn's Book Boutique.
  9730 | D:9      | Found a runed door.
  9755 | D:9      | Found a basalt altar of Yredelemnul.
 10077 | D:9      | Found a portal to a secret trove of treasure.
 10369 | D:3      | Killed rychschax's ghost
 10475 | D:5      | Killed Prince Ribbit
 10757 | D:5      | Noticed a +0 spear
 10757 | D:5      | Noticed a +0 spear
 10758 | D:5      | Noticed a +0 short sword
 10758 | D:5      | Noticed a +0 short sword
 10758 | D:5      | Noticed a +0 dagger
 10758 | D:5      | Noticed a +0 falchion
 10758 | D:5      | Noticed a +0 dagger
 10759 | D:5      | Noticed a +0 falchion
 10762 | D:5      | Found a hide-covered altar of Uskayaw.
 11198 | D:5      | Identified a scroll of vulnerability
 11527 | D:10     | Entered Level 10 of the Dungeon
 11665 | D:10     | Reached skill level 13 in Axes
 11712 | D:10     | Reached skill level 10 in Fighting
 11761 | D:10     | Identified a ring of positive energy (You found it on level
                  | 10 of the Dungeon)
 11840 | D:10     | Found a roughly hewn altar of Beogh.
 11840 | D:10     | Found a staircase to the Orcish Mines.
 11879 | D:10     | Received a gift from Trog
 12002 | D:10     | Identified a scroll of amnesia
 12317 | D:10     | Reached skill level 9 in Dodging
 12327 | D:10     | Reached skill level 9 in Shields
 12469 | D:10     | Reached skill level 10 in Armour
 12481 | D:10     | Reached XP level 12. HP: 58/107 MP: 5/11
 13156 | D:11     | Identified a scroll of enchant armour
 13178 | D:11     | Found Muamuc's Food Shoppe.
 13657 | D:11     | Reached skill level 14 in Axes
 13705 | D:11     | Found Lonlaula's Jewellery Shoppe.
 13721 | D:11     | Noticed a two-headed ogre
 13739 | D:11     | Killed a two-headed ogre
 13786 | D:11     | Identified a ring of slaying (You found it on level 11 of
                  | the Dungeon)
 14067 | D:11     | Bought the ring of Vixkutul {Ice Str+5 Int-4} for 436 gold
                  | pieces
 14243 | Lair:1   | Noticed Urug
 14276 | Lair:1   | Killed Urug
 14377 | Lair:1   | Reached skill level 11 in Fighting
 14455 | Lair:1   | Killed Fannar
 14668 | Lair:1   | Reached skill level 10 in Shields
 14932 | Lair:1   | Identified a scroll of immolation
 14955 | Lair:1   | Reached skill level 10 in Dodging
 15025 | Lair:1   | Found a blossoming altar of Fedhas.
 15331 | Lair:2   | Received a gift from Trog
 15407 | Lair:2   | Reached skill level 11 in Armour
 15672 | Lair:2   | Reached skill level 15 in Axes
 15796 | Lair:2   | Noticed an eight-headed hydra
 15831 | Lair:2   | Killed an eight-headed hydra
 15890 | Lair:2   | Reached XP level 13. HP: 116/116 MP: 6/12
 15999 | Lair:2   | Received a gift from Trog
 16505 | Lair:2   | Noticed Sonja
 16784 | Lair:3   | Found a staircase to the Snake Pit.
 16819 | Lair:3   | Identified a potion of berserk rage
 16925 | Lair:3   | Identified 2 potions of lignification
 16997 | Lair:3   | Identified 2 scrolls of revelation
 17456 | Lair:3   | Reached skill level 1 in Evocations
 17829 | Lair:4   | Identified 3 scrolls of fear
 17873 | Lair:4   | Reached skill level 12 in Fighting
 17912 | Lair:4   | Reached skill level 11 in Shields
 18265 | Lair:4   | Reached skill level 2 in Evocations
 18331 | Lair:4   | Noticed Josephine
 18343 | Lair:4   | Killed Josephine
 18344 | Lair:4   | Reached skill level 16 in Axes
 18588 | Lair:4   | Noticed Nessos
 18600 | Lair:4   | Noticed Nessos
 18600 | Lair:4   | Nessos changed into Nessos the eye of devastation
 18604 | Lair:4   | Killed Nessos the eye of devastation
 18894 | Lair:4   | Found a staircase to the Swamp.
 19157 | Lair:5   | Reached skill level 3 in Evocations
 19362 | Lair:5   | Received a gift from Trog
 20075 | Lair:6   | Entered Level 6 of the Lair of Beasts
 20106 | Lair:6   | Reached XP level 14. HP: 105/127 MP: 7/15
 20186 | Lair:6   | Noticed Grum
 20199 | Lair:6   | Killed Grum
 20494 | Lair:6   | Reached skill level 4 in Evocations
 20793 | Lair:6   | Reached skill level 17 in Axes
 20796 | Lair:6   | Reached skill level 12 in Shields
 20861 | Lair:6   | Found a staircase to the Spriggan Forest.
 20963 | Lair:6   | Received a gift from Trog
 21213 | Lair:6   | Reached skill level 13 in Fighting
 22160 | Lair:6   | Reached skill level 5 in Evocations
 22336 | Lair:6   | Reached ****** piety under Trog
 22468 | Lair:6   | Found a corrupted altar of Lugonu.
 22468 | Lair:6   | Found a one-way gate to the infinite horrors of the Abyss.
 22475 | Lair:6   | Got a glittering steel amulet
 22491 | Lair:6   | Identified the amulet of Hihuam {Inacc MR- Str+7 Dex+5}
                  | (You found it on level 6 of the Lair of Beasts)
 22908 | Lair:2   | Noticed Sonja
 22908 | Lair:2   | Sonja changed into Sonja the wyvern
 22911 | Lair:2   | Killed Sonja the wyvern
 23070 | Orc      | Entered the Orcish Mines
 23286 | Orc      | Found a roughly hewn altar of Beogh.
 23596 | Orc      | Noticed Erolcha
 23631 | Orc      | Killed Erolcha
 23882 | Orc      | Received a gift from Trog
 24058 | Orc      | Found Zyfollod's Food Shoppe.
 24060 | Orc      | Found Lapug's Magic Scroll Emporium.
 24229 | Orc      | Reached skill level 18 in Axes
 24847 | Orc      | Reached skill level 13 in Shields
 24847 | Orc      | Reached skill level 6 in Evocations
 25021 | Orc      | Reached XP level 15. HP: 137/137 MP: 18/18
 25048 | Orc      | Received a gift from Trog
 25113 | Orc      | Reached skill level 14 in Fighting
 25285 | Orc      | Found Kunaidiezy's Antique Armour Boutique.
 25285 | Orc      | Found a one-way gate leading to the halls of Pandemonium.
 25285 | Orc      | Found Syets's Book Shop.
 25292 | Orc      | Bought a distressingly furry medium shield for 332 gold
                  | pieces
 25292 | Orc      | Bought a pair of runed gloves for 262 gold pieces
 25313 | Orc      | Identified the +6 medium shield "Neiruy" {Regen+ Int+5
                  | Dex+3} (You bought it in a shop in the Orcish Mines)
 25356 | Orc      | Bought a scroll of summoning for 150 gold pieces
 25356 | Orc      | Bought a scroll of enchant weapon for 112 gold pieces
 25356 | Orc      | Bought a scroll of enchant weapon for 112 gold pieces
 25356 | Orc      | Bought a scroll of enchant weapon for 112 gold pieces
 25359 | Orc      | Bought a scroll of blinking for 112 gold pieces
 25411 | Orc      | Found a viscous altar of Jiyva.
 25414 | Orc      | Found a staircase to the Slime Pits.
 25742 | D:12     | Entered Level 12 of the Dungeon
 25969 | D:12     | Found a staircase to the Depths.
 26079 | D:12     | Reached skill level 7 in Evocations
 26272 | D:12     | Received a gift from Trog
 26320 | D:12     | Found a shadowy altar of Dithmenos.
 26502 | D:12     | Reached skill level 14 in Shields
 26719 | D:12     | Identified a scroll of silence
 26731 | D:12     | Reached skill level 15 in Fighting
 26796 | D:12     | Found a gate to the Vaults.
 27306 | Lair:2   | Got a twitching golden ring
 27331 | Lair:2   | Identified the ring of Kogengul {rPois rF+ Stlth++} (You
                  | found it on level 2 of the Lair of Beasts)
 27577 | Swamp:1  | Entered Level 1 of the Swamp
 27705 | Swamp:1  | Received a gift from Trog
 27886 | Swamp:1  | Reached skill level 15 in Shields
 28082 | Swamp:1  | Identified a ring of evasion (You found it on level 1 of
                  | the Swamp)
 28573 | Swamp:2  | Reached skill level 16 in Fighting
 28581 | Swamp:2  | Reached skill level 12 in Armour
 28679 | Swamp:2  | Reached XP level 16. HP: 151/151 MP: 20/20
 28795 | Swamp:2  | Received a gift from Trog
 29106 | Swamp:2  | Reached skill level 11 in Dodging
 29561 | Swamp:3  | Entered Level 3 of the Swamp
 30409 | Swamp:3  | Reached skill level 13 in Armour
 30410 | Swamp:3  | Noticed a bone dragon
 30580 | Swamp:3  | Received a gift from Trog
 30828 | Swamp:3  | Killed a bone dragon
 30829 | Swamp:3  | Reached skill level 17 in Fighting
 30899 | Swamp:3  | Got a decaying rune of Zot
 31084 | Snake:1  | Entered Level 1 of the Snake Pit
 31191 | Snake:1  | Reached skill level 1 in Throwing
 31304 | Snake:1  | Reached skill level 2 in Throwing
 32014 | Snake:1  | Reached skill level 3 in Throwing
 32014 | Snake:1  | Reached skill level 12 in Dodging
 32038 | Snake:1  | Identified a potion of agility
 32332 | Snake:1  | Identified the +5 hand axe of Trog's Wrath {protect, rF+
                  | rN+ MR+} (Trog gifted it to you on level 1 of the Snake
                  | Pit)
 32332 | Snake:1  | Received a gift from Trog
 32549 | Snake:2  | Reached skill level 14 in Armour
 32635 | Snake:2  | Reached skill level 4 in Throwing
 32702 | Snake:2  | Found Wuluriups's Gadget Shoppe.
 32702 | Snake:2  | Found Otozuadd's Jewellery Boutique.
 32735 | Snake:2  | Reached XP level 17. HP: 142/163 MP: 21/21
 32787 | Snake:2  | Found Rucvew's Gadget Shoppe.
 32805 | Snake:2  | Bought a wand of acid (8) for 234 gold pieces
 32809 | Snake:2  | Bought a wand of iceblast (9) for 300 gold pieces
 32995 | Snake:2  | Identified a scroll of torment
 33020 | Snake:2  | Reached skill level 5 in Throwing
 33054 | Snake:2  | Found an iron altar of Okawaru.
 33677 | Snake:2  | Bought an uncursed ring of insulation for 425 gold pieces
 33703 | Snake:3  | Entered Level 3 of the Snake Pit
 33716 | Snake:3  | Reached skill level 18 in Fighting
 34034 | Snake:3  | Received a gift from Trog
 34066 | Snake:3  | Reached skill level 6 in Throwing
 34535 | Snake:3  | Reached skill level 15 in Armour
 34557 | Snake:3  | Found Buvviobu's Food Emporium.
 34819 | Snake:3  | Reached skill level 7 in Throwing
 35044 | Snake:3  | Reached skill level 8 in Throwing
 35207 | Snake:3  | Received a gift from Trog
 35409 | Snake:3  | Reached skill level 16 in Armour
 35443 | Snake:3  | Got a serpentine rune of Zot
 35529 | Snake:3  | Reached skill level 19 in Fighting
 35576 | Snake:3  | Reached XP level 18. HP: 176/176 MP: 11/22
 36126 | Vaults:1 | Entered Level 1 of the Vaults
 36263 | Vaults:1 | Reached skill level 9 in Throwing
 36661 | Vaults:1 | Received a gift from Trog
 36669 | Vaults:1 | Identified the amulet of Accord {Rage rN+}
 37324 | Vaults:1 | Reached skill level 10 in Throwing
 37340 | Vaults:1 | Reached skill level 17 in Armour
 37395 | Vaults:1 | Found a staircase to the Crypt.
 37395 | Vaults:1 | Found a basalt altar of Yredelemnul.
 37395 | Vaults:1 | Found an ancient bone altar of Kikubaaqudgha.
 37696 | Vaults:2 | Received a gift from Trog
 37794 | Vaults:2 | Reached skill level 20 in Fighting
 38067 | Vaults:2 | Identified an uncursed ring of protection from fire
 38331 | Vaults:2 | Identified an uncursed amulet of the gourmand
 38602 | Vaults:2 | Reached skill level 11 in Throwing
 38630 | Vaults:2 | Identified the +5 scale mail of Vlad {*Corrode rElec rPois
                  | Dex+7 SInv}
 38658 | Vaults:2 | Reached XP level 19. HP: 185/185 MP: 23/23
 38670 | Vaults:2 | Received a gift from Trog
 38950 | Vaults:2 | Found Tearos's Gadget Shop.
 39145 | Vaults:2 | Reached skill level 18 in Armour
 39299 | Crypt:1  | Entered Level 1 of the Crypt
 39405 | Crypt:1  | Paralysed by a vampire knight for 2 turns
 39521 | Crypt:1  | Noticed a curse skull
 39526 | Crypt:1  | Killed a curse skull
 39616 | Crypt:1  | Noticed Frederick
 39642 | Crypt:1  | Killed Frederick
 39963 | Crypt:1  | Received a gift from Trog
 39964 | Crypt:1  | Reached skill level 12 in Throwing
 39985 | Crypt:1  | Noticed a curse skull
 40017 | Crypt:1  | Killed a curse skull
 40592 | Crypt:1  | Reached skill level 21 in Fighting
 40915 | Depths:1 | Entered Level 1 of the Depths
 41083 | Depths:1 | Identified the +1 chain mail of the Hot Ocelot {*Slow rCorr
                  | Str-2 Int+8}
 41526 | Depths:1 | Received a gift from Trog
 41603 | Depths:1 | Found a gateway to Hell.
 41779 | Depths:1 | Reached skill level 19 in Armour
 42187 | Depths:1 | Reached XP level 20. HP: 198/198 MP: 24/24
 42276 | Depths:2 | Reached skill level 13 in Throwing
 42437 | Depths:2 | Noticed a rockslime
 42449 | Depths:2 | Killed a rockslime
 42931 | Depths:2 | Identified the ring of Patience {rF+ rC+ Str+2 Dex-3
                  | Stlth++}
 43374 | Snake:2  | Bought the amulet "Gaushyff" {Reflect rF+ Int+4 Dex+2
                  | Slay+3 SH+2} for 851 gold pieces
 43903 | Depths:2 | Reached skill level 22 in Fighting
 44256 | Depths:2 | Received a gift from Trog
 44268 | Depths:2 | Reached skill level 14 in Throwing
 44284 | Depths:2 | Reached skill level 20 in Armour
 45255 | Depths:2 | Identified the ring of Haufiyr {rPois rN+ MR+ SInv}
 45258 | Depths:2 | Reached XP level 21. HP: 209/209 MP: 25/25
 45488 | Depths:3 | Identified the +1 robe of Mezeih {rF+++ Str+4 Dex-3} (You
                  | found it on level 3 of the Depths)
 45491 | Depths:3 | Noticed Boris
 45527 | Depths:3 | Killed Boris
 45527 | Depths:3 | Identified the +4 war axe "Tentacled Rummage" {flame, *Rage
                  | rPois rC+++} (Trog gifted it to you on level 3 of the
                  | Depths)
 45527 | Depths:3 | Received a gift from Trog
 45882 | Depths:2 | Noticed a Killer Klown
 45908 | Depths:2 | Killed a Killer Klown
 45909 | Depths:2 | Reached skill level 15 in Throwing
 45996 | Depths:2 | Identified the +5 arbalest of Ointment {speed, rF- rN+++
                  | Int-2 Stlth+}
 46614 | Depths:3 | Reached skill level 23 in Fighting
 46632 | Depths:3 | Reached skill level 21 in Armour
 46645 | Depths:3 | Identified an uncursed ring of ice
 46788 | Depths:3 | Received a gift from Trog
 46865 | Depths:3 | Identified an uncursed amulet of guardian spirit
 46867 | Depths:3 | Noticed Jory
 46884 | Depths:3 | Killed Jory
 47299 | Depths:4 | Found a magical portal.
 47327 | WizLab   | Entered Lehudib's Moon Base
 47474 | WizLab   | Found a transporter.
 47975 | WizLab   | Reached skill level 16 in Throwing
 47975 | WizLab   | Received a gift from Trog
 47976 | WizLab   | Reached XP level 22. HP: 175/221 MP: 23/26
 47988 | WizLab   | Found a transporter.
 48219 | WizLab   | Identified the ring of Trog's Regard {rElec AC+5 Str+4}
 48773 | WizLab   | Reached skill level 24 in Fighting
 48898 | WizLab   | Identified Lehudib's Almanac of Clay and Changing
 48932 | WizLab   | Identified the ring of Law {rPois MP+9 Int+3 Dex+3}
 49527 | Depths:4 | Noticed a golden dragon
 49546 | Depths:4 | Reached skill level 22 in Armour
 49555 | Depths:4 | Killed a golden dragon
 49601 | Depths:4 | Found a runed gate.
 49601 | Depths:4 | Found a runed gate.
 49601 | Depths:4 | Found a runed gate.
 49608 | Depths:4 | Noticed a juggernaut
 49609 | Depths:4 | Noticed a Killer Klown
 49609 | Depths:4 | Noticed a caustic shrike
 49609 | Depths:4 | Identified the ring of Murro {+Fly Int+2}
 49630 | Depths:4 | Identified the +4 broad axe of Trog's Castigation {venom,
                  | rN++} (Trog gifted it to you on level 4 of the Depths)
 49630 | Depths:4 | Received a gift from Trog
 49907 | Depths:4 | Found a runed gate.
 49907 | Depths:4 | Found a runed gate.
 49907 | Depths:4 | Found a runed gate.
 49992 | Depths:4 | Noticed a golden dragon
 50000 | Depths:4 | Killed a golden dragon
 50001 | Depths:4 | Reached skill level 13 in Dodging
 50779 | Depths:5 | Entered Level 5 of the Depths
 50854 | Depths:5 | Noticed a golden dragon
 50876 | Depths:5 | Killed a golden dragon
 50945 | Depths:5 | Identified an uncursed ring of protection from magic
 51102 | Depths:5 | Noticed a caustic shrike
 51106 | Depths:5 | Noticed a caustic shrike
 51108 | Depths:5 | Noticed a caustic shrike
 51110 | Depths:5 | Killed a caustic shrike
 51113 | Depths:5 | Killed a caustic shrike
 51121 | Depths:5 | Killed a caustic shrike
 51685 | Depths:5 | Reached skill level 25 in Fighting
 52129 | Depths:5 | Reached XP level 23. HP: 228/234 MP: 27/27
 52202 | Depths:5 | Found a gateway to a ziggurat.
 52431 | Depths:5 | Found a gate to the Realm of Zot.
 52941 | Snake:2  | Bought an uncursed ring of resist corrosion for 425 gold
                  | pieces
 53619 | Depths:4 | Killed a caustic shrike
 53620 | Depths:4 | Reached skill level 14 in Dodging
 53699 | Depths:4 | Killed a juggernaut
 53781 | Depths:4 | Identified the +5 chain mail "Lyg Maps" {Regen+}
 53998 | Depths:4 | Killed a Killer Klown
 54363 | Forest:1 | Entered Level 1 of the Spriggan Forest
 54756 | Forest:1 | Received a gift from Trog
 55196 | Forest:1 | Reached skill level 23 in Armour
 56184 | Forest:1 | Reached skill level 26 in Fighting
 57538 | Forest:3 | Entered Level 3 of the Spriggan Forest
 57624 | Forest:3 | Found a radiant altar of Vehumet.
 57815 | Forest:3 | Received a gift from Trog
 58059 | Forest:3 | Reached skill level 15 in Dodging
 58426 | Forest:3 | Reached XP level 24. HP: 219/247 MP: 17/27
 58723 | Forest:3 | Identified the amulet "Xeommui" {RegenMP Str+2}
 58723 | Forest:3 | Identified a +4 amulet of reflection
 58739 | Forest:3 | Identified an uncursed ring of see invisible
 58739 | Forest:3 | Noticed Agnes
 58768 | Forest:3 | Killed Agnes
 58809 | Forest:3 | Noticed a caustic shrike
 58839 | Forest:3 | Killed a caustic shrike
 58848 | Forest:3 | Noticed a caustic shrike
 58849 | Forest:3 | Found the cursed +13 scythe of Curses {drain, *Curse}
 58873 | Forest:3 | Killed a caustic shrike
 58911 | Forest:3 | Identified the Handbook of Cold
 58916 | Forest:3 | Identified the +2 rapier of the Scavenger {flame, rElec rF-
                  | rN+}
 58938 | Forest:3 | Identified the +2 helmet "Fobel" {rCorr}
 58941 | Forest:3 | Identified the +2 helmet "Eriugas" {rElec rF++ rCorr Int-2}
 58963 | Forest:3 | Identified the cursed +0 quarterstaff "Qanneomn" {vamp,
                  | rElec rC++ Int-2 Dex+2}
 59663 | Forest:3 | Reached skill level 27 in Fighting
 60064 | Slime:1  | Entered Level 1 of the Pits of Slime
 60210 | Slime:1  | Reached skill level 16 in Dodging
 60248 | Slime:1  | Received a gift from Trog
 62041 | Slime:3  | Reached skill level 24 in Armour
 62597 | Slime:4  | Reached skill level 8 in Evocations
 62607 | Slime:4  | Reached skill level 17 in Dodging
 63337 | Slime:5  | Entered Level 5 of the Pits of Slime
 63524 | Slime:5  | Received a gift from Trog
 63778 | Slime:5  | Noticed the Royal Jelly
 63797 | Slime:5  | Reached skill level 16 in Shields
 63810 | Slime:5  | Killed the Royal Jelly
 63903 | Slime:5  | Identified the amulet of Xom's Wrath {Spirit MP+9 Int+2}
 63911 | Slime:5  | Found the +8 plutonium sword {irradiate, +Channel *Contam
                  | MR+ Stlth-}
 63916 | Slime:5  | Identified the +11 short sword of Kismet {flame, Str+7}
 63936 | Slime:5  | Identified the +8 scale mail of Fashionability {MR+ Str-2
                  | Dex+4}
 63964 | Slime:5  | Identified the +8 great mace "Kedeihaq" {crush, Str+2}
 63978 | Slime:5  | Got a slimy rune of Zot
 63988 | Slime:5  | Found the brooch of Shielding {Reflect SH+8}
 64001 | Slime:5  | Identified an uncursed ring of stealth
 64007 | Slime:5  | Identified a scroll of acquirement
 64008 | Slime:5  | Identified the +0 war axe "Eczuylu" {protect, Int+3 SInv}
                  | (You acquired it on level 5 of the Pits of Slime)
 64008 | Slime:5  | Identified the ring "Qifatuod" {MP+9 Int+2} (You acquired
                  | it on level 5 of the Pits of Slime)
 64431 | Crypt:2  | Entered Level 2 of the Crypt
 64471 | Crypt:2  | Found a staircase to the Tomb.
 64487 | Crypt:2  | Reached skill level 9 in Evocations
 64645 | Crypt:2  | Reached skill level 18 in Dodging
 64651 | Crypt:2  | Reached XP level 25. HP: 143/257 MP: 14/28
 64983 | Crypt:2  | Received a gift from Trog
 65132 | Crypt:2  | Identified an uncursed ring of protection from cold
 65402 | Crypt:2  | Found an ancient bone altar of Kikubaaqudgha.
 65419 | Crypt:2  | Noticed a greater mummy
 65440 | Crypt:2  | Killed a greater mummy
 65785 | Crypt:2  | Identified the Reference Book on Dark Rites
 65965 | Crypt:2  | Received a gift from Trog
 66261 | Vaults:2 | Upgraded the game from bcrawl-1.41 to bcrawl-1.41.1
 66268 | Vaults:3 | Entered Level 3 of the Vaults
 66275 | Vaults:3 | Reached skill level 19 in Dodging
 66275 | Vaults:3 | Reached skill level 17 in Shields
 66275 | Vaults:3 | Reached skill level 10 in Evocations
 66304 | Vaults:3 | Reached skill level 25 in Armour
 66403 | Vaults:3 | Identified the ring "Cejuaj" {rC+++ Slay+6}
 66405 | Vaults:3 | Identified the amulet "Etorra" {Reflect Int+3 SH+4}
 66453 | Vaults:3 | Noticed a golden dragon
 66468 | Vaults:3 | Killed a golden dragon
 66521 | Vaults:3 | Reached skill level 20 in Dodging
 66527 | Vaults:3 | Got a silver rune of Zot
 66718 | Vaults:3 | Received a gift from Trog
 66719 | Vaults:3 | Identified the ring of Ygat {MR- Int+4 Dex+7 Stlth++}
 66719 | Vaults:3 | Identified the +1 leather armour of the Fiddle {rPois MR+
                  | Str-2}
 66736 | Vaults:3 | Reached skill level 18 in Shields
 66756 | Vaults:3 | Identified the +10 morningstar of the Nine Ghosts {pain,
                  | Str+3}
 67030 | Vaults:3 | Reached XP level 26. HP: 251/266 MP: 29/29
 67566 | Vaults:3 | Identified the +3 battleaxe of Hiboaf {flame, +Rage rN++}
 68292 | Snake:2  | Bought a wand of clouds (5) for 234 gold pieces
 68292 | Snake:2  | Bought a box of beasts for 260 gold pieces
 68292 | Snake:2  | Bought a wand of digging (6) for 182 gold pieces
 68292 | Snake:2  | Bought a sack of spiders for 390 gold pieces
 68296 | Snake:2  | Bought a phantom mirror for 400 gold pieces
 68296 | Snake:2  | Bought a phantom mirror for 400 gold pieces
 68504 | Orc      | Bought a scroll of fear for 75 gold pieces
 68738 | Vaults:2 | Bought a wand of acid (5) for 192 gold pieces
 68738 | Vaults:2 | Bought a wand of iceblast (11) for 288 gold pieces
 68738 | Vaults:2 | Bought a wand of charming (7) for 128 gold pieces
 68738 | Vaults:2 | Bought a phantom mirror for 320 gold pieces
 69003 | Zot:1    | Entered Level 1 of the Realm of Zot
 69306 | Zot:1    | Received a gift from Trog
 69397 | Zot:1    | Reached skill level 21 in Dodging
 69397 | Zot:1    | Reached skill level 19 in Shields
 69492 | Zot:1    | Reached skill level 26 in Armour
 70036 | Zot:1    | Found a white marble altar of Elyvilon.
 70047 | Zot:1    | Found a shimmering blue altar of Sif Muna.
 70325 | Zot:2    | Noticed a golden dragon
 70333 | Zot:2    | Killed a golden dragon
 70879 | Zot:2    | Identified the +1 falchion "Ragunkye" {holy, Int+6 Dex-2}
 71364 | Zot:2    | Noticed a golden dragon
 71364 | Zot:2    | Noticed a golden dragon
 71382 | Zot:2    | Reached skill level 20 in Shields
 71391 | Zot:2    | Killed a golden dragon
 71392 | Zot:2    | Killed a golden dragon
 71472 | Zot:2    | Noticed a curse toe
 71487 | Zot:2    | Killed a curse toe
 71865 | Zot:3    | Noticed a curse toe
 71918 | Zot:3    | Killed a curse toe
 71919 | Zot:3    | Reached XP level 27. HP: 273/273 MP: 15/30
 72229 | Zot:3    | Received a gift from Trog
 72251 | Zot:3    | Reached skill level 22 in Dodging
 72251 | Zot:3    | Reached skill level 11 in Evocations
 72507 | Zot:3    | Reached skill level 27 in Armour
 72742 | Zot:4    | Noticed an orb of fire
 72743 | Zot:4    | Gained mutation: You are weak. (Str -2) [an orb of fire]
 72751 | Zot:4    | Gained mutation: Your body sometimes deteriorates upon
                  | taking damage. [an orb of fire]
 72752 | Zot:4    | Killed an orb of fire
 72753 | Zot:4    | Reached skill level 12 in Evocations
 72899 | Zot:4    | Reached skill level 13 in Evocations
 72974 | Zot:4    | Identified the +0 hunting sling of the Sky {freeze, +Inv
                  | Int+4}
 73220 | Zot:4    | Reached skill level 14 in Evocations
 73559 | Zot:5    | Entered Level 5 of the Realm of Zot
 73585 | Zot:5    | Noticed a curse toe
 73587 | Zot:5    | Killed a curse toe
 73812 | Zot:5    | Reached skill level 15 in Evocations
 73819 | Zot:5    | Noticed an orb of fire
 73822 | Zot:5    | Gained mutation: Your body often deteriorates upon taking
                  | damage. [an orb of fire]
 73833 | Zot:5    | Gained mutation: Scrolls take you a little longer to read.
                  | [an orb of fire]
 73838 | Zot:5    | Killed an orb of fire
 73840 | Zot:5    | Noticed an orb of fire
 73841 | Zot:5    | Gained mutation: You are frail. (-10% HP) [an orb of fire]
 73847 | Zot:5    | Killed an orb of fire
 73847 | Zot:5    | Identified the +10 trident "Spiderbane" {holy, rElec rF+
                  | rN+ Dex-4} (Trog gifted it to you on level 5 of the Realm
                  | of Zot)
 73847 | Zot:5    | Received a gift from Trog
 73847 | Zot:5    | Noticed an orb of fire
 73849 | Zot:5    | Gained mutation: Armour fits poorly on your strangely
                  | shaped body. [an orb of fire]
 73852 | Zot:5    | Killed an orb of fire
 73852 | Zot:5    | Noticed an orb of fire
 73861 | Zot:5    | Gained mutation: Scrolls take you longer to read. [an orb
                  | of fire]
 73862 | Zot:5    | Killed an orb of fire
 73863 | Zot:5    | Reached skill level 16 in Evocations
 73869 | Zot:5    | Lost mutation: Scrolls take you longer to read. [potion of
                  | mutation]
 73869 | Zot:5    | Lost mutation: Your body often deteriorates upon taking
                  | damage. [potion of mutation]
 73869 | Zot:5    | Lost mutation: You are frail. (-10% HP) [potion of
                  | mutation]
 73869 | Zot:5    | Lost mutation: You are weak. (Str -2) [potion of mutation]
 73869 | Zot:5    | Gained mutation: Your spells are a little harder to cast,
                  | but a little more powerful. [potion of mutation]
 73869 | Zot:5    | Gained mutation: You have a pair of large horns on your
                  | head. [potion of mutation]
 73870 | Zot:5    | Lost mutation: You have a pair of large horns on your head.
                  | [potion of mutation]
 73870 | Zot:5    | Lost mutation: Scrolls take you a little longer to read.
                  | [potion of mutation]
 73870 | Zot:5    | Lost mutation: Your body sometimes deteriorates upon taking
                  | damage. [potion of mutation]
 73870 | Zot:5    | Lost mutation: Armour fits poorly on your strangely shaped
                  | body. [potion of mutation]
 73870 | Zot:5    | Gained mutation: You are frail. (-10% HP) [potion of
                  | mutation]
 73870 | Zot:5    | Gained mutation: You are partially covered in icy blue
                  | scales. (AC +2) [potion of mutation]
 73923 | Zot:5    | Noticed a curse toe
 73929 | Zot:5    | Killed a curse toe
 74038 | Zot:5    | Noticed an ancient lich
 74047 | Zot:5    | Reached skill level 17 in Evocations
 74047 | Zot:5    | Killed an ancient lich
 74120 | Zot:5    | Noticed an orb of fire
 74121 | Zot:5    | Gained mutation: You are dopey. (Int -2) [an orb of fire]
 74130 | Zot:5    | Killed an orb of fire
 74142 | Zot:5    | Reached skill level 18 in Evocations
 74202 | Zot:5    | Noticed an ancient lich
 74214 | Zot:5    | Killed an ancient lich
 74279 | Zot:5    | Noticed an ancient lich
 74286 | Zot:5    | Killed an ancient lich
 74286 | Zot:5    | Received a gift from Trog
 74286 | Zot:5    | Noticed an electric golem
 74287 | Zot:5    | Reached skill level 19 in Evocations
 74308 | Zot:5    | Noticed an ancient lich
 74316 | Zot:5    | Killed an ancient lich
 74326 | Zot:5    | Killed an electric golem
 74397 | Zot:5    | Noticed an electric golem
 74409 | Zot:5    | Killed an electric golem
 74564 | Zot:5    | Noticed an ancient lich
 74577 | Zot:5    | Killed an ancient lich
 74578 | Zot:5    | Reached skill level 20 in Evocations
 74615 | Zot:5    | Identified the ring "Niozis" {+Blink rC- Str+5 Int+3 SInv}
 74711 | Zot:5    | Got the Orb of Zot
 74742 | Zot:5    | Noticed Juafoony the pandemonium lord
 74759 | Zot:5    | Noticed an electric golem
 74820 | Zot:4    | Noticed Letacy the pandemonium lord
 74820 | Zot:4    | Noticed a Brimstone Fiend
 75105 | D:9      | Noticed Vicau the pandemonium lord
 75136 | D:9      | Killed Vicau the pandemonium lord
 75170 | D:8      | Noticed Faipewk the pandemonium lord
 75349 | D:$      | Escaped with the Orb!

Vanquished Creatures
  the Royal Jelly (Slime:5)
  A juggernaut (Depths:4)
  5 orbs of fire (Zot:5)
  A pandemonium lord (D:9)
  4 ancient liches (Zot:5)
  Boris (Depths:3)
  4 Killer Klowns
  A greater mummy (Crypt:2)
  12 golden dragons
  4 curse toes
  Frederick (Crypt:1)
  6 caustic shrikes
  Jory (Depths:3)
  2 electric golems (Zot:5)
  A moon troll (WizLab)
  2 rockslimes
  2 bone dragons
  3 Orb Demons
  A Shadow Fiend (Zot:5)
  27 Orb Guardians
  19 tentacled monstrosities
  A shard shrike skeleton (Crypt:1)
  11 wendigos
  2 liches
  6 quicksilver dragons
  30 acid blobs
  8 death cobs
  2 thorn hunters (Forest:3)
  Agnes (Forest:3)
  4 sphinxes
  11 tentacled starspawn (WizLab)
  11 shadow dragons
  3 draconian monks
  3 ghouls
  10 storm dragons
  7 greenwood witches
  2 tengu reavers
  A revenant (Crypt:1)
  2 apis (Forest:1)
  10 nagarajas
  4 war gargoyles
  11 frost giants
  9 azure jellies
  2 balrugs
  14 fire giants
  11 vault wardens
  An iron dragon (Vaults:3)
  2 draconian knights
  4 draconian shifters
  A cacodemon (WizLab)
  6 ghost moths
  3 draconian stormcallers (Zot:2)
  3 draconian annihilators
  2 curse skulls (Crypt:1)
  21 stone giants
  37 very ugly things
  6 spriggan defenders
  4 jiangshi (Crypt:2)
  4 eyes of devastation
  3 elemental wellsprings
  10 draconian scorchers
  9 ironheart preservers
  2 juggernaut skeletons
  2 black draconians
  10 green draconians
  9 vampire knights
  7 spark wasps
  18 yellow draconians
  5 red draconians
  2 dire elephants (Forest:3)
  8 purple draconians
  8 white draconians
  A deep elf death mage (Crypt:1)
  2 eidola
  12 ettins
  2 crystal guardians
  A merfolk javelineer (Depths:4)
  6 mummy priests (Crypt:2)
  Josephine (Lair:4)
  A green death (Depths:3)
  Erolcha (Orc)
  A deep elf high priest (Vaults:3)
  10 fire dragons
  11 yaktaur captains
  Urug (Lair:1)
  Fannar (Lair:1)
  10 ice dragons
  9 naga warriors
  5 rakshasas
  10 hydras
  6 spriggan air magi
  13 vault guards
  2 ghost crabs
  11 shadow wraiths
  4 shambling mangroves
  23 anacondas
  8 great orbs of eyes
  11 alligators
  A tengu warrior (Vaults:3)
  10 two-headed ogres
  A sea snake (Snake:2)
  2 dancing weapons
  13 death yaks (Forest:1)
  6 death oozes
  2 ogre magi (Vaults:2)
  7 satyrs
  8 ancient automatons
  A queen ant (Lair:2)
  3 deep troll shamans
  An ironheart beastmaster (Vaults:2)
  9 naga sharpshooters
  7 orc high priests (Orc)
  4 deep troll earth magi
  3 thrashing horrors (Lair:6)
  9 vampire magi
  13 spriggan berserkers
  4 shock serpents
  20 starcursed masses (WizLab)
  2 deep elf knights (D:12)
  3 sun demons
  14 deep trolls
  A soul eater (Orc)
  3 iron trolls
  21 skeletal warriors
  A wretched star (WizLab)
  16 centaur warriors
  An unseen horror (D:11)
  17 hell knights
  8 wizards
  2 golden dragon zombies (Crypt:2)
  A storm dragon skeleton (Depths:1)
  A gelid demonspawn (Orc)
  2 orange crystal statues
  2 torturous demonspawn (Orc)
  A ghost moth zombie (Crypt:2)
  A swamp dragon (shapeshifter) (Vaults:3)
  12 glowing orange brains
  3 spriggan druids
  A deep elf archer (Vaults:1)
  5 flayed ghosts
  16 ironheart convokers
  5 swamp dragons
  7 naga ritualists
  2 shadow demons (Depths:1)
  5 orc knights
  8 necromancers
  Pikel (D:7)
  4 cyclopes
  14 phantasmal warriors
  A wolf spider (Forest:1)
  6 orc sorcerers (Orc)
  11 mana vipers
  A shining eye (shapeshifter) (Depths:4)
  7 naga magi
  2 shining eyes
  9 oklob plants
  A tengu skeleton (Depths:1)
  A human zombie (Vaults:2)
  21 moths of wrath
  An orb spider (shapeshifter) (Vaults:2)
  10 fauns
  A shadow dragon skeleton (Crypt:1)
  30 ugly things
  2 deep elf magi
  A salamander (shapeshifter) (D:9)
  4 salamanders
  A stone giant zombie (Depths:1)
  2 manticores
  4 elephants (Lair:6)
  A sphinx skeleton (Crypt:1)
  The ghost of TTrolljaeger the Covert, a novice VSRg of Fedhas (D:7)
  33 black mambas
  A merfolk siren (Forest:1)
  11 vault sentinels
  8 guardian serpents
  7 water nymphs (Forest:3)
  A stone giant skeleton (Depths:1)
  3 smoke demons
  A rust devil (Depths:3)
  2 gargoyles
  21 will-o'-wisps
  9 cane toads
  An orange demon (Orc)
  A hellion (D:2)
  3 rime drakes
  11 komodo dragons
  An alligator snapping turtle skeleton (Crypt:2)
  A black draconian zombie (Crypt:2)
  A storm dragon simulacrum (Vaults:2)
  3 swamp worm zombies (Swamp:3)
  2 ancient zymes (Lair:6)
  14 flying skulls
  An eye of draining (D:11)
  3 tengu conjurers
  4 freezing wraiths
  A yaktaur (shapeshifter) (D:12)
  A rime drake (shapeshifter) (D:11)
  2 hellwings
  27 guardian mummies (Crypt:2)
  46 yaktaurs
  2 kobold demonologists
  A dryad (Forest:2)
  2 trolls
  A green draconian skeleton (Crypt:1)
  A human skeleton (Vaults:2)
  5 hydra zombies (Swamp:3)
  4 red devils
  A queen bee (shapeshifter) (Vaults:3)
  A tengu simulacrum (Vaults:2)
  2 polar bears
  A meliai (shapeshifter) (Depths:2)
  A hornet (shapeshifter) (Depths:1)
  19 hornets
  8 tyrant leeches
  4 alligator zombies (Swamp:3)
  10 bog bodies
  Prince Ribbit (D:5)
  134 slime creatures
  A fire giant simulacrum (Depths:1)
  A dream sheep (shapeshifter) (Depths:3)
  A hippogriff (shapeshifter) (Vaults:3)
  A stone giant simulacrum (Depths:1)
  26 blink frogs
  A meliai zombie (D:12)
  4 dream sheep (Lair:6)
  10 hippogriffs
  Grum (Lair:6)
  A spectral swamp dragon (Swamp:3)
  An ettin zombie (Crypt:2)
  A human simulacrum (Vaults:2)
  A fire dragon skeleton (Crypt:1)
  16 spriggans
  A wind drake zombie (Crypt:2)
  2 ynoxinuls
  An ettin skeleton (Crypt:1)
  7 ushabtiu (Crypt:2)
  3 wyverns
  A large abomination (Lair:6)
  10 wraiths
  8 shadows (Depths:3)
  12 water elementals
  60 yaks
  A human (D:9)
  14 golden eyes
  21 vampire mosquitoes
  3 basilisks
  4 chaos spawn
  A neqoxec (Orc)
  A redback (shapeshifter) (Lair:6)
  A warg (Orc)
  Edmund (D:4)
  7 swamp worms
  36 nagas
  An acid dragon (Lair:2)
  14 crocodiles
  A floating eye (Depths:5)
  6 water moccasins
  13 porcupines
  A soldier ant (shapeshifter) (Depths:2)
  38 orc warriors
  11 small abominations (Lair:6)
  15 soldier ants (Lair:2)
  6 swamp drakes
  6 black bears
  An ettin simulacrum (Vaults:1)
  6 phantoms
  A slave (D:7)
  A necrophage (Crypt:1)
  3 ice beasts
  A lindwurm zombie (Crypt:1)
  6 sky beasts
  A hornet zombie (D:10)
  17 ogres
  7 boggarts
  13 wolves
  15 bullfrogs
  A kobold brigand (D:10)
  The ghost of rychschax the Gusty, an amateur AvAE (D:3)
  A gnoll sergeant (D:8)
  8 centaurs
  A warg zombie (Crypt:1)
  2 scorpions
  5 killer bees (D:9)
  3 electric eels (Snake:2)
  A howler monkey (D:12)
  26 orc priests
  9 crimson imps
  A quasit (D:7)
  A bullfrog skeleton (D:6)
  24 jellies
  6 hounds
  13 orc wizards
  Crazy Yiuf (D:2)
  3 iguanas
  Terence (D:2)
  A porcupine zombie (Crypt:1)
  A spectral swamp drake (Swamp:3)
  42 worker ants
  2 killer bee zombies
  A felid skeleton (Crypt:2)
  A hound skeleton (Crypt:2)
  13 mummies (Crypt:2)
  A worker ant zombie (D:9)
  Robin (D:4)
  15 gnolls
  10 adders
  3 shadow imps
  3 oozes
  An adder skeleton (D:6)
  An oni skeleton (Crypt:1)
  5 worms
  5 dart slugs
  5 leopard geckos
  72 orcs
  A ball python (D:1)
  3 giant cockroaches
  14 goblins
  14 hobgoblins
  A hobgoblin (shapeshifter) (Vaults:3)
  13 jackals
  13 kobolds
  2 quokkas
  A river rat zombie (Crypt:2)
  6 bats
  A dart slug zombie (Crypt:2)
  2 frilled lizards (D:1)
  A goblin skeleton (D:9)
  A kobold skeleton (Crypt:2)
  2 quokka skeletons
  7 rats
  4 briar patches (Forest:3)
  4 fungi (Slime:1)
  11 plants
  12 starspawn tentacles (WizLab)
2314 creatures vanquished.

Vanquished Creatures (collateral kills)
  An orb of fire (Zot:4)
  An ancient lich (Zot:5)
  3 Killer Klowns (Zot:5)
  A golden dragon (Depths:4)
  2 Orb Guardians (Zot:5)
  A shadow dragon (Zot:2)
  A sphinx (Depths:4)
  A tengu reaver (Depths:2)
  A deep elf sorcerer (Depths:2)
  A draconian stormcaller (Zot:2)
  A stone giant (Depths:2)
  A very ugly thing (Vaults:2)
  2 dire elephants (Vaults:2)
  A purple draconian (Zot:4)
  A naga warrior (Snake:2)
  3 anacondas (Snake:3)
  A satyr (Forest:3)
  A deep troll earth mage (Depths:2)
  A shock serpent (Snake:3)
  A deep troll (Vaults:2)
  A naga sharpshooter (Snake:1)
  A spriggan druid (Forest:3)
  A death drake (Swamp:3)
  A naga ritualist (Snake:1)
  2 spectral hydras (Swamp:3)
  A phantasmal warrior (Swamp:3)
  2 naga magi
  2 mana vipers
  A faun (Forest:3)
  A large abomination (Zot:5)
  A will-o'-wisp (Swamp:3)
  2 guardian serpents (Snake:3)
  2 black mambas (Snake:3)
  2 hydra zombies (Swamp:3)
  A water elemental (Depths:4)
  A basilisk (shapeshifter) (D:11)
  A naga (Snake:2)
  2 phantoms (Swamp:3)
  A black bear (Forest:3)
  2 spectral swamp drakes (Swamp:3)
  2 swamp drake zombies (Swamp:3)
  A shadow imp (D:11)
57 creatures vanquished.

Vanquished Creatures (others)
  3 acid blobs (Slime:5)
  A death cob (Zot:4)
  A nagaraja (Snake:3)
  3 azure jellies (Slime:5)
  4 vault wardens
  A spriggan defender (Forest:3)
  4 very ugly things (Vaults:3)
  3 ironheart preservers
  8 stone giants
  An eye of devastation (WizLab)
  2 yaktaur captains (Vaults:3)
  23 vault guards
  A shadow wraith (Vaults:2)
  10 death oozes (Slime:5)
  4 ironheart convokers
  A salamander (Snake:3)
  2 moths of wrath (Zot:5)
  7 yaktaurs
  A freezing wraith (Vaults:3)
  A naga (Snake:3)
  A phantom (D:7)
  A centaur (shapeshifter) (Vaults:3)
  An adder (D:7)
  An orc (D:7)
  A briar patch (Forest:3)
  4 bushes (Forest:3)
  3 demonic plants (WizLab)
  23 fungi
  50 plants
  24 starspawn tentacles (WizLab)
190 creatures vanquished.

Grand Total: 2561 creatures vanquished

Table legend:
 A = Turns spent in this place as a percentage of turns spent in the entire game.
 B = Non-inter-level travel turns spent in this place as a percentage of non-inter-level travel turns spent in the entire game.
 C = Inter-level travel turns spent in this place as a percentage of turns spent in this place.
 D = Turns resting spent in this place as a percentage of non-inter-level travel turns spent in this place.
 E = Turns spent auto-exploring this place as a percentage of non-inter-level travel turns spent in this place.
 F = Non-inter-level travel turns spent in this place divided by the number of levels of this place that you've seen.
                   A       B       C       D       E      F
               +-------+-------+-------+-------+-------+----------------------
         Total | 100.0 | 100.0 |  12.4 |  11.2 |  50.7 | 1319.9
       Dungeon |  23.2 |  21.2 |  20.1 |  11.7 |  54.2 | 1163.3
        Temple |   0.0 |   0.0 |   0.0 |   0.0 |   0.0 |  14.0
          Lair |  13.9 |  14.1 |  11.0 |  15.4 |  51.4 | 1551.0
         Swamp |   4.6 |   4.9 |   5.8 |   9.4 |  51.7 | 1077.0
     Snake Pit |   6.9 |   7.2 |   8.8 |   9.1 |  44.7 | 1576.7
    Slime Pits |   5.4 |   5.7 |   8.1 |   7.9 |  63.9 | 749.0
  Orcish Mines |   3.8 |   3.8 |  11.1 |  28.4 |  20.2 | 2529.0
        Vaults |   6.9 |   6.8 |  13.4 |   6.9 |  61.2 | 1495.3
Spriggan Forest |   7.2 |   7.8 |   5.9 |   3.4 |  66.7 | 1705.0
         Crypt |   4.3 |   4.7 |   6.1 |  14.8 |  40.0 | 1538.0
        Depths |  13.8 |  12.9 |  18.0 |   9.9 |  43.3 | 1706.8
           Zot |   7.9 |   8.6 |   4.9 |  10.1 |  49.8 | 1129.0
        Wizlab |   2.2 |   2.5 |   0.0 |  14.2 |  31.7 | 1624.0
               +-------+-------+-------+-------+-------+----------------------

Table legend:
 A = Kills in this place as a percentage of kills in entire the game.
 B = Kills by you in this place as a percentage of kills by you in the entire game.
 C = Kills by friends in this place as a percentage of kills by friends in the entire game.
 D = Other kills in this place as a percentage of other kills in the entire game.
 E = Experience gained in this place as a percentage of experience gained in the entire game.
 F = Experience gained in this place divided by the number of levels of this place that you have seen.
                   A       B       C       D       E      F
               +-------+-------+-------+-------+-------+----------------------
         Total | 100.0 | 100.0 | 100.0 | 100.0 | 100.0 | 37841.8
       Dungeon |  16.9 |  17.6 |   3.5 |   4.5 |   3.3 | 5232.8
          Lair |  10.8 |  11.4 |   0.0 |   0.0 |   3.4 | 10853.0
         Swamp |   5.2 |   4.9 |  22.8 |   0.0 |   2.7 | 16762.0
     Snake Pit |   7.3 |   6.9 |  28.1 |   4.5 |   5.9 | 37242.0
    Slime Pits |   5.9 |   6.2 |   0.0 |   0.0 |   6.0 | 22594.8
  Orcish Mines |   3.8 |   4.0 |   0.0 |   0.0 |   1.2 | 22628.0
        Vaults |  10.6 |   9.0 |   7.0 |  68.7 |  12.9 | 81638.0
Spriggan Forest |   6.2 |   6.3 |   7.0 |   1.5 |   7.4 | 46851.0
         Crypt |   6.3 |   6.7 |   0.0 |   0.0 |   5.2 | 49006.5
        Depths |  14.2 |  14.1 |  12.3 |  17.9 |  20.0 | 75552.2
           Zot |  10.0 |  10.0 |  19.3 |   1.5 |  28.3 | 107201.8
        Wizlab |   2.9 |   3.0 |   0.0 |   1.5 |   3.7 | 69314.0
               +-------+-------+-------+-------+-------+----------------------

Table legend:
 A = Non-vault XP
 B = Vault XP
 C = Vault XP percentage of total XP
 D = Non-vault monster count
 E = Vault monster count
 F = Vault count percentage of total count
                 A         B        C        D         E       F
            +---------+---------+-------+---------+---------+-------
      Total |  863053 | 1006914 |  53.8 |    1393 |     994 |  41.6
            +---------+---------+-------+---------+---------+-------
        D:1 |      54 |       0 |   0.0 |      26 |       0 |   0.0
        D:2 |      80 |      75 |  48.4 |      29 |       2 |   6.5
        D:3 |      87 |     325 |  78.9 |      22 |       3 |  12.0
        D:4 |     352 |     203 |  36.6 |      15 |      13 |  46.4
        D:5 |     518 |     395 |  43.3 |      18 |       3 |  14.3
        D:6 |    1052 |     187 |  15.1 |      17 |       4 |  19.0
        D:7 |    1017 |    2819 |  73.5 |      22 |      14 |  38.9
        D:8 |    3517 |       0 |   0.0 |      37 |       0 |   0.0
        D:9 |    2532 |     193 |   7.1 |      24 |       2 |   7.7
       D:10 |    5848 |     482 |   7.6 |      45 |      23 |  33.8
       D:11 |    4700 |       0 |   0.0 |      25 |       0 |   0.0
       D:12 |    9166 |   10819 |  54.1 |      33 |      16 |  32.7
     Lair:1 |    6404 |    2345 |  26.8 |      26 |       6 |  18.8
     Lair:2 |    4087 |    7361 |  64.3 |      20 |      55 |  73.3
     Lair:3 |    5598 |     317 |   5.4 |      22 |       2 |   8.3
     Lair:4 |    3775 |    5687 |  60.1 |      13 |       9 |  40.9
     Lair:5 |    3865 |     420 |   9.8 |      11 |       2 |  15.4
     Lair:6 |   13717 |   11542 |  45.7 |      53 |      41 |  43.6
    Swamp:1 |   16910 |       0 |   0.0 |      39 |       0 |   0.0
    Swamp:2 |    9901 |       0 |   0.0 |      26 |       0 |   0.0
    Swamp:3 |    6385 |   17090 |  72.8 |      16 |      43 |  72.9
    Snake:1 |   22004 |       0 |   0.0 |      33 |       0 |   0.0
    Snake:2 |   27604 |       0 |   0.0 |      51 |       0 |   0.0
    Snake:3 |   15904 |   46214 |  74.4 |      29 |      62 |  68.1
    Slime:1 |   20637 |       0 |   0.0 |      38 |       0 |   0.0
    Slime:2 |   16849 |       0 |   0.0 |      15 |       0 |   0.0
    Slime:3 |   16722 |       0 |   0.0 |      27 |       0 |   0.0
    Slime:4 |   14981 |       0 |   0.0 |      21 |       0 |   0.0
    Slime:5 |   13868 |   29917 |  68.3 |      29 |      12 |  29.3
        Orc |    3919 |   18709 |  82.7 |      27 |      64 |  70.3
   Vaults:1 |   12027 |   36834 |  75.4 |      13 |      47 |  78.3
   Vaults:2 |   21250 |   34808 |  62.1 |      35 |      36 |  50.7
   Vaults:3 |   27309 |  112686 |  80.5 |      33 |      90 |  73.2
   Forest:1 |   34628 |    1894 |   5.2 |      47 |       1 |   2.1
   Forest:2 |   13148 |       0 |   0.0 |      20 |       0 |   0.0
   Forest:3 |   19397 |   71486 |  78.7 |      28 |      53 |  65.4
    Crypt:1 |   30896 |    7308 |  19.1 |      42 |       6 |  12.5
    Crypt:2 |   23568 |   36241 |  60.6 |      32 |      72 |  69.2
   Depths:1 |   32621 |    2357 |   6.7 |      41 |       4 |   8.9
   Depths:2 |   59610 |   76810 |  56.3 |      72 |      55 |  43.3
   Depths:3 |   14601 |   39304 |  72.9 |      14 |      50 |  78.1
   Depths:4 |   23300 |   57528 |  71.2 |      33 |      25 |  43.1
   Depths:5 |   57764 |   13866 |  19.4 |      38 |       8 |  17.4
      Zot:1 |   18042 |   55228 |  75.4 |      12 |      55 |  82.1
      Zot:2 |   33432 |   51371 |  60.6 |      21 |      23 |  52.3
      Zot:3 |   41202 |       0 |   0.0 |      22 |       0 |   0.0
      Zot:4 |   71156 |       0 |   0.0 |      33 |       0 |   0.0
      Zot:5 |   73092 |  188736 |  72.1 |      29 |      42 |  59.2
     WizLab |    3957 |   65357 |  94.3 |      19 |      51 |  72.9
            +---------+---------+-------+---------+---------+-------
